 Dungeon Crawl Stone Soup version 0.30-a0-5-g3a90980b9d (webtiles) character file.

Game seed: 5868936128931968649

137 Nedwor the Trooper (level 5, -2/41 HPs)
             Began as a Demonspawn Fighter on Aug 22, 2022.
             Slain by Crazy Yiuf
             ... wielding a +4 quarterstaff of chaos
              (15 damage)
             ... on level 2 of the Dungeon.
             The game lasted 00:04:00 (2351 turns).

Nedwor the Trooper (Demonspawn Fighter)             Turns: 2351, Time: 00:04:00

Health: -2/41      AC: 13    Str: 18    XL:     5   Next: 0%
Magic:  5/5        EV:  5    Int: 10    God:
Gold:   102        SH:  4    Dex: 12    Spells: 4/4 levels left

rFire   . . .      SeeInvis .    a - +1 rapier
rCold   . . .      Faith    .    c - +0 buckler
rNeg    . . .      Spirit   .    d - +0 plate armour
rPois   .          Reflect  .    (no helmet)
rElec   .          Harm     .    (no cloak)
rCorr   .          Rampage  .    (no gloves)
Will    .....                    (no boots)
Stlth   ..........               (no amulet)
HPRegen 0.13/turn                (no ring)
MPRegen 0.09/turn                (no ring)

@: lethally poisoned (-2 -> -15)
A: thin metallic scales 1, weakness stinger 2
a: no special abilities


You were on level 2 of the Dungeon.
You visited 1 branch of the dungeon, and saw 3 of its levels.

You collected 102 gold pieces.

Inventory:

Hand Weapons
 a - a +1 rapier (weapon)
Armour
 c - a +0 buckler (worn)
 d - a +0 plate armour (worn)
Scrolls
 e - a scroll of magic mapping {unknown}
 g - 4 scrolls of identify
 i - a scroll of poison
Potions
 b - a potion of flight {unknown}
 f - a potion of magic
 h - 2 potions of invisibility


   Skills:
 + Level 3.5 Fighting
 * Level 3.1 Short Blades
 + Level 3.1 Armour
 + Level 1.5 Dodging
 + Level 3.2 Shields


You had 4 spell levels left.
You didn't know any spells.
Your spell library was empty.

Dungeon Overview and Level Annotations

Branches:
Dungeon (3/15)

Altars:

Annotations:
D:2 Crazy Yiuf


Innate Abilities, Weirdness & Mutations

You are partially covered in thin metallic scales. (AC +2)
You have a tail ending in a sharp stinger.


Message History

The ball python bites you but does no damage.
The ball python barely misses you.
The ball python bites you but does no damage.
The ball python grabs you. The ball python constricts you.
You puncture the ball python!
You kill the ball python!
No target in view!
No target in view!
No target in view!
No target in view!
No target in view!
No target in view!
No target in view!
Found a hammer.
Found a runed translucent door.
You open the door. You barely miss Crazy Yiuf. Crazy Yiuf barely misses you.
You puncture Crazy Yiuf!
Crazy Yiuf is moderately wounded.
Crazy Yiuf hits you with a +4 quarterstaff of chaos.
Crazy Yiuf freezes you.
You hit Crazy Yiuf but do no damage.
Crazy Yiuf is moderately wounded.
Crazy Yiuf laughs, "Goober!
Aardvark chair noodlescoop."
Crazy Yiuf hits you with a +4 quarterstaff of chaos.
You are poisoned.
You hit Crazy Yiuf but do no damage.
Crazy Yiuf is moderately wounded.
You feel very sick.
Crazy Yiuf hits you with a +4 quarterstaff of chaos!
Crazy Yiuf freezes you.
You hit Crazy Yiuf but do no damage.
Crazy Yiuf is moderately wounded.
You feel sick.
Crazy Yiuf hits you with a +4 quarterstaff of chaos.
You are lethally poisoned!
You closely miss Crazy Yiuf. You tail-slap Crazy Yiuf.
Crazy Yiuf is heavily wounded.
You feel very sick.
Crazy Yiuf hits you with a +4 quarterstaff of chaos!
You die...

##### ##...## #.....#
#...... #.....#
♣♣♣♣♣#####...## ###
♣♣♣.♣....####.###
#...#♣..♣.............
#...g@♣♣♣♣...........#
#)..#♣♣ ♣♣...........
### ♣♣##..#####. #..#
#. #..# #. ### ###..#
#. #.# #....#####. #.#
#.......... #.#
#...###....


You could see Crazy Yiuf.

Vanquished Creatures
  Jessica (D:2)
  Natasha (D:2)
  Robin (D:2)
  A worm (D:2)
  3 dart slugs
  6 bats
  5 endoplasms
  2 giant cockroaches (D:2)
  5 goblins (D:2)
  18 hobgoblins
  2 jackals (D:2)
  6 kobolds
  2 quokkas
  3 ball pythons (D:2)
  3 frilled lizards
  4 rats
63 creatures vanquished.

Notes
Turn   | Place    | Note
-------+----------+-------------------------------------------
     0 | D:1      | Nedwor the Demonspawn Fighter began the quest for the Orb.
     0 | D:1      | Reached XP level 1. HP: 18/18 MP: 1/1
   263 | D:1      | Gained mutation: You are partially covered in thin metallic
                  | scales. (AC +2) [demonic ancestry]
   263 | D:1      | Reached XP level 2. HP: 18/24 MP: 2/2
   401 | D:1      | Found a faded altar of an unknown god.
   990 | D:2      | Gained mutation: You have a small tail. [demonic ancestry]
   990 | D:2      | Reached XP level 3. HP: 18/29 MP: 3/3
  1285 | D:2      | Reached skill level 1 in Dodging
  1430 | D:2      | Noticed Robin
  1449 | D:2      | Killed Robin
  1450 | D:2      | Reached XP level 4. HP: 20/35 MP: 4/4
  1625 | D:2      | Noticed Natasha
  1648 | D:2      | Killed Natasha
  2009 | D:2      | Noticed Jessica
  2017 | D:2      | Killed Jessica
  2233 | D:2      | Gained mutation: You have a tail ending in a sharp stinger.
                  | [demonic ancestry]
  2233 | D:2      | Reached XP level 5. HP: 41/41 MP: 5/5
  2279 | D:2      | You fall into a shaft and drop 1 floor!
  2341 | D:2      | Found a runed translucent door.
  2342 | D:2      | Noticed Crazy Yiuf
  2351 | D:2      | Slain by Crazy Yiuf

Illustrated notes

Levels and vault maps discovered:
D:1:      dpeg_arrival_radiant, layout_rooms,
          shapermc_ecumenical_altar_mp_ritualfount, serial_forest,
          infiniplex_forest_clump_long, infiniplex_forest_straight_4,
          infiniplex_forest_clump_diagonal, infiniplex_forest_corner_1,
          infiniplex_forest_lined_3_way, infiniplex_forest_straight_3,
          infiniplex_forest_clump_double, infiniplex_forest_straight_4,
          infiniplex_forest_join, infiniplex_forest_clump_small,
          minmay_misc_feat_columns
D:2:      layout_loops_ring, minmay_divided_ellipse, uniq_jessica, uniq_robin,
          uniq_crazy_yiuf_cottage, uniq_natasha
D:3:      layout_rooms, nicolae_titane, uniq_ijyb

Skill      XL: |  1  2  3  4 |
---------------+-------------+-----
Short Blades   | 2 3 |  3.1
Shields        | 3 |  3.2
Armour         | 3 |  3.1
Dodging        | 1 |  1.5
Fighting       | |  3.5

Action                   |  1- 3 |  4- 6 || total
-------------------------+-------+-------++-------
Melee: Rapier            |   165 |    60 ||   225
       Tailslap          |     7 |     6 ||    13
  Use: Potion            |     2 |       ||     2
       Scroll            |     6 |       ||     6
 Stab: Invisible         |     4 |     1 ||     5
Armor: Scale mail        |    58 |       ||    58
       Plate armour      |    23 |    43 ||    66
Dodge: Dodged            |    84 |     7 ||    91
Block: Buckler           |    33 |    10 ||    43

Table legend: (Time is in decaauts)
 A = Elapsed time spent in this place.
 B = Non-inter-level travel time spent in this place.
 C = Inter-level travel time spent in this place.
 D = Time resting spent in this place.
 E = Time spent auto-exploring this place.
 F = Levels seen in this place.
 G = Mean time per level.
                   A        B        C        D        E       F      G
               +--------+--------+--------+--------+--------+-----+--------+
         Total |   2385 |   2320 |     65 |    420 |   1414 |   3 |  795.0 |
       Dungeon |   2385 |   2320 |     65 |    420 |   1414 |   3 |  795.0 |
               +--------+--------+--------+--------+--------+-----+--------+

Top non-repeatable levels by time:
     D:2: 1461 daAuts
     D:1: 909 daAuts
     D:3: 14 daAuts
